 Dungeon Crawl Stone Soup version 0.26-a0-652-gafc20e3620 (webtiles) character file.

Game seed: 2245896117007104201

238 Kraken2834 the Digger (level 6, -6/36 HPs)
             Began as a Gargoyle Earth Elementalist on Oct 1, 2020.
             Mangled by Grinder (7 damage)
             ... on level 3 of the Dungeon.
             The game lasted 00:16:33 (3896 turns).

Kraken2834 the Digger (Gargoyle Earth Elementalist) Turns: 3896, Time: 00:16:35

Health: -6/36      AC:  8    Str: 12    XL:     6   Next: 7%
Magic:  0/10       EV:  7    Int: 17    God:
Gold:   106        SH: 10    Dex: 10    Spells: 10/11 levels left

rFire    . . .     SeeInvis .   e - +1 dagger (protect)
rCold    + . .     Faith    .   l - +0 tower shield (curse)
rNeg     + . .     Spirit   .   c - +0 robe
rPois    ∞         Reflect  .   q - +0 helmet
rElec    +         Harm     .   (no cloak)
rCorr    .         Rampage  .   m - +0 pair of gloves
MR       .....                  (no boots)
Stlth    ++........             (no amulet)
HPRegen  0.12/turn              t - ring of protection from cold
MPRegen  0.12/turn              (no ring)

@: very slightly contaminated
A: negative energy resistance 1, electricity resistance, unbreathing,
petrification resistance, rot immunity, AC +4
a: no special abilities


You were on level 3 of the Dungeon.
You visited 1 branch of the dungeon, and saw 3 of its levels.

You collected 106 gold pieces.

Inventory:

Hand Weapons
 e - a +1 dagger of protection (weapon)
 r - a +0 dagger
Missiles
 b - 79 stones (quivered)
Armour
 c - a +0 robe (worn)
 l - a cursed +0 tower shield (worn)
 m - a +0 pair of gloves (worn)
 q - a +0 helmet (worn)
Jewellery
 t - a ring of protection from cold (left hand)
Scrolls
 d - a scroll of blinking
 f - 3 scrolls of identify
 k - a scroll of immolation
 s - a scroll of magic mapping
Potions
 a - a potion of invisibility {unknown}
 g - a potion of haste {unknown}
 h - a potion of ambrosia {unknown}
 i - a potion of berserk rage {unknown}
 j - 2 potions of stabbing {unknown}
 n - a potion of lignification {unknown}
 o - a potion of cancellation {unknown}
 p - a potion of might {unknown}
 u - a potion of degeneration {unknown}


   Skills:
 * Level 2.3 Fighting
 - Level 0.1 Short Blades
 - Level 1.6 Dodging
 + Level 2.5 Stealth
 - Level 1.1 Shields
 - Level 0.2 Unarmed Combat
 + Level 3.1 Spellcasting
   Level 0.7 Transmutations
 * Level 6.0 Earth Magic


You had 10 spell levels left.
You knew the following spells:

 Your Spells              Type           Power        Failure   Level
a - Sandblast             Erth           ###...       30%         1

Your spell library contained the following spells:

 Spells                   Type           Power        Failure   Level
 Passwall                 Tmut/Erth      ##......     80%         2
 Stone Arrow              Conj/Erth      ##....       97%         3
 Petrify                  Tmut/Erth      ##......     100%        4
 Lee's Rapid Deconstruct  Erth           ###.......   100%        5


Dungeon Overview and Level Annotations

Branches:
Dungeon (3/15)

Altars:
Fedhas
Uskayaw
Wu Jian
Zin

Annotations:
D:3 Grinder


Innate Abilities, Weirdness & Mutations

You are resistant to torment.
Your stone body is resilient. (AC +4)
You are immune to poison.
You resist negative energy. (rN+)
You are resistant to electric shocks. (rElec)
You can survive without breathing.
You are immune to petrification.
You are immune to rotting.


Message History

Grinder gestures at you. You resist with significant effort.
Grinder hits you but does no damage. x2
You can move again.
Casting: Sandblast (safe; 30% risk of failure)
Confirm with . or Enter, or press ? or * to list all spells.
Aiming: Sandblast (safe; 30% risk of failure)
Press: ? - help, Shift-Dir - straight line, f/p - Grinder
Aim: Grinder (almost dead)
You miscast Sandblast.
Nothing appears to happen.
You block Grinder's attack.
Casting: Sandblast (safe; 30% risk of failure)
Confirm with . or Enter, or press ? or * to list all spells.
Aiming: Sandblast (safe; 30% risk of failure)
Press: ? - help, Shift-Dir - straight line, f/p - Grinder
Aim: Grinder (almost dead)
The blast of sand hits Grinder.
Grinder is almost dead.
b - 79 stones Grinder hits you!
You die...

#. #.#...#..#(..#....
#.#####..###....###.....
......#.................
......#####..####.##....
............## #..#....
..........### ##.#....
..........# #.....)
#####....# ##..#.#
#.@..# #..#.# #.5..#
##.#.# #....# #....
+...... #..## #....##.
#.... ###... # ##..#
.#+# .... ..


You could see Grinder.

Vanquished Creatures
  Sigmund (D:2)
  Jessica (D:2)
  Robin (D:2)
  2 dart slugs (D:1)
  A leopard gecko (D:1)
  A ball python (D:2)
  2 giant cockroaches (D:2)
  14 goblins
  10 hobgoblins
  4 jackals (D:2)
  3 bats (D:1)
  4 frilled lizards
  8 kobolds
  2 rats
54 creatures vanquished.

Notes
Turn   | Place    | Note
-------+----------+-------------------------------------------
     0 | D:1      | Kraken2834 the Gargoyle Earth Elementalist began the quest
                  | for the Orb.
     0 | D:1      | Reached XP level 1. HP: 10/10 MP: 3/3
    66 | D:1      | Reached XP level 2. HP: 7/15 MP: 3/5
   288 | D:1      | Reached skill level 4 in Earth Magic
   758 | D:2      | Reached XP level 3. HP: 20/20 MP: 6/6
  1193 | D:2      | Noticed Jessica
  1199 | D:2      | Killed Jessica
  1199 | D:2      | Reached skill level 1 in Fighting
  1199 | D:2      | Reached skill level 1 in Shields
  1199 | D:2      | Reached XP level 4. HP: 22/25 MP: 4/7
  1280 | D:2      | Noticed Sigmund
  1322 | D:2      | Killed Sigmund
  1322 | D:2      | Reached skill level 5 in Earth Magic
  1322 | D:2      | Reached XP level 5. HP: 3/30 MP: 2/9
  3207 | D:2      | Found a glowing silver altar of Zin.
  3207 | D:2      | Found a hide-covered altar of Uskayaw.
  3207 | D:2      | Found a blossoming altar of Fedhas.
  3207 | D:2      | Noticed Robin
  3229 | D:2      | Killed Robin
  3229 | D:2      | Reached skill level 6 in Earth Magic
  3229 | D:2      | Reached XP level 6. HP: 35/35 MP: 2/10
  3671 | D:2      | Found an ornate altar of the Wu Jian Council.
  3868 | D:3      | Noticed Grinder
  3890 | D:3      | Paralysed by Grinder for 5 turns
  3891 | D:3      | HP: 1/36 [Grinder (2)]
  3896 | D:3      | Mangled by Grinder

Illustrated notes

Levels and vault maps discovered:
D:1:      scummos_arrival_checkerplants, layout_rooms, skrybe_limestone_x
D:2:      layout_basic, overflow_temple_1_default,
          gammafunk_temple_overflow_claw, uniq_jessica, uniq_sigmund, uniq_robin
D:3:      layout_basic, overflow_temple_1_default, fountainhead, uniq_terence,
          uniq_grinder

Skill      XL: |  1  2  3  4  5 |
---------------+----------------+-----
Earth Magic    | 4 5 6 |  6.0
Fighting       | 1 2 |  2.3
Shields        | 1 |  1.1
Spellcasting   | 3 |  3.1
Short Blades   | |  0.1
Dodging        | |  1.6
Stealth        | |  2.5
Unarmed Combat | |  0.2
Transmutations | |  0.7

Action                   |  1- 3 |  4- 6 || total
-------------------------+-------+-------++-------
Melee: Unarmed           |    36 |       ||    36
       Dagger            |    87 |    51 ||   138
Throw: Stone             |       |     1 ||     1
 Cast: Sandblast         |    20 |    22 ||    42
  Use: Scroll            |     3 |     1 ||     4
 Stab: Sleeping          |     1 |     1 ||     2
Armor: Robe              |    67 |    31 ||    98
Dodge: Dodged            |    55 |    14 ||    69
Block: Tower shield      |    65 |    22 ||    87

Table legend: (Time is in decaauts)
 A = Elapsed time spent in this place.
 B = Non-inter-level travel time spent in this place.
 C = Inter-level travel time spent in this place.
 D = Time resting spent in this place.
 E = Time spent auto-exploring this place.
 F = Levels seen in this place.
 G = Mean time per level.
                   A        B        C        D        E       F      G
               +--------+--------+--------+--------+--------+-----+--------+
         Total |   3915 |   3842 |     73 |   1957 |   1352 |   3 | 1305.0 |
       Dungeon |   3915 |   3842 |     73 |   1957 |   1352 |   3 | 1305.0 |
               +--------+--------+--------+--------+--------+-----+--------+

Top non-repeatable levels by time:
     D:2: 3026 daAuts
     D:1: 742 daAuts
     D:3: 146 daAuts
